 Seeded DCSS version 0.25-a0-435-g4b9beb1 (webtiles) character file.

Game seed: 4685463770755312842, levelgen mode: deterministic

74 Buxparty the Chiller (level 4, -1/26 HPs)
             Began as a Gargoyle Ice Elementalist on Jan 25, 2020.
             Slain by an ogre
             ... wielding a +0 giant club
              (27 damage)
             ... on level 3 of the Dungeon.
             The game lasted 00:06:56 (2175 turns).

Buxparty the Chiller (Gargoyle Ice Elementalist)    Turns: 2175, Time: 00:06:57

Health: -1/26      AC:  5    Str: 12    XL:     4   Next: 30%
Magic:  6/7        EV: 12    Int: 16    God:
Gold:   62         SH:  0    Dex: 10    Spells: 6/7 levels left

rFire    . . .     SeeInvis .   d - +0 hunting sling
rCold    . . .     Gourm    .   (no shield)
rNeg     + . .     Faith    .   a - +0 robe
rPois    ∞         Spirit   .   (no helmet)
rElec    +         Reflect  .   (no cloak)
rCorr    .         Harm     .   (no gloves)
MR       .....                  (no boots)
Stlth    ++........             (no amulet)
HPRegen  0.08/turn              (no ring)
MPRegen  0.10/turn              (no ring)

@: no status effects
A: negative energy resistance 1, electricity resistance, unbreathing,
petrification resistance, rot immunity, AC +3
a: no special abilities


You were on level 3 of the Dungeon.
You were not hungry.

You visited 1 branch of the dungeon, and saw 3 of its levels.

You collected 62 gold pieces.

Inventory:

Hand Weapons
 d - a +0 hunting sling (weapon)
 i - a +0 club
 p - a +0 dagger of venom
Missiles
 e - 78 stones (quivered)
 m - 12 sling bullets
 w - 7 poisoned darts
Armour
 a - a +0 robe (worn)
Scrolls
 h - 4 scrolls of identify {unknown}
 j - a scroll of fog {unknown}
 l - 2 scrolls of immolation {unknown}
 q - 3 scrolls of amnesia {unknown}
 r - 2 scrolls of remove curse {unknown}
 s - a scroll of random uselessness {unknown}
 t - 2 scrolls of teleportation {unknown}
 u - a scroll of blinking {unknown}
 v - a scroll of fear {unknown}
Potions
 b - a potion of mutation {unknown}
 f - a potion of cancellation {unknown}
 g - 2 potions of degeneration {unknown}
 k - a potion of haste {unknown}
 n - 2 potions of might {unknown}
 o - a potion of curing {unknown}
Comestibles
 c - 2 rations


   Skills:
 + Level 2.2 Fighting
 + Level 1.5 Slings
 + Level 2.4 Dodging
 - Level 2.4 Stealth
 - Level 2.0 Spellcasting
 - Level 4.0 Ice Magic


You had 6 spell levels left.
You knew the following spells:

 Your Spells              Type           Power        Failure   Level  Hunger
a - Freeze                Ice            ##..         4%          1    #......

Your spell library contained the following spells:

 Spells                   Type           Power        Failure   Level  Hunger
 Ozocubu's Armour         Chrm/Ice       #.......     26%         3    ###....
 Hailstorm                Conj/Ice       #.......     65%         4    #####..
 Summon Ice Beast         Ice/Summ       #.......     65%         4    #####..


Dungeon Overview and Level Annotations

Branches:
Dungeon (3/15)

Altars:
Dithmenos


Innate Abilities, Weirdness & Mutations

You are resistant to torment.
Your stone body is resilient. (AC +3)
You are immune to poison.
You resist negative energy. (rN+)
You are resistant to electric shocks. (rElec)
You can survive without breathing.
You are immune to petrification.
You are immune to rotting.


Message History

The ogre is moderately wounded.
Firing (i - inventory. (/) - cycle)
e - 80 stones (quivered)
Press: ? - help, Shift-Dir - straight line, f/p - ogre
Aim: an ogre, wielding a +0 giant club (moderately wounded)
You shoot a stone. The stone completely misses the ogre.
Firing (i - inventory. (/) - cycle)
e - 79 stones (quivered)
Press: ? - help, Shift-Dir - straight line, f/p - ogre
Aim: an ogre, wielding a +0 giant club (moderately wounded)
You shoot a stone. The stone hits the ogre.
The ogre is heavily wounded.
Casting: Freeze (safe; 4% risk of failure)
Confirm with . or Enter, or press ? or * to list all spells.
Aiming: Freeze (safe; 4% risk of failure)
Press: ? - help, Shift-Dir - straight line, f/p - ogre
Aim: an ogre, wielding a +0 giant club (heavily wounded)
You freeze the ogre.
The ogre is heavily wounded.
The ogre hits you with a +0 giant club!!
Ouch! That really hurt!
You die...

.........#.#.....#######
.........).......#
#...............#
#......)...#....#
#..........#.####
#..........# #
#..........#
#.....#.#....#
#######@###### #.O(((.((
#########


You could see an ogre.

Vanquished Creatures
  An adder (D:2)
  A worm (D:2)
  A dart slug (D:1)
  2 leopard geckos
  3 orcs (D:3)
  4 bats
  A giant cockroach (D:3)
  7 goblins
  8 hobgoblins
  2 quokkas (D:2)
  A ball python (D:3)
  5 frilled lizards
  13 kobolds
  6 rats
55 creatures vanquished.

Notes
Turn   | Place    | Note
-------+----------+-------------------------------------------
     0 | D:1      | Buxparty the Gargoyle Ice Elementalist began the quest for
                  | the Orb.
     0 | D:1      | Reached XP level 1. HP: 10/10 MP: 3/3
   317 | D:1      | Reached XP level 2. HP: 16/16 MP: 5/5
   378 | D:1      | Reached skill level 1 in Fighting
   805 | D:1      | Reached XP level 3. HP: 20/20 MP: 6/6
   954 | D:2      | Reached skill level 1 in Slings
  1322 | D:2      | Found a shadowy altar of Dithmenos.
  1842 | D:3      | Reached XP level 4. HP: 26/26 MP: 7/7
  1925 | D:3      | Found a faded altar of an unknown god.
  2169 | D:3      | Noticed an ogre
  2175 | D:3      | Slain by an ogre

Levels and vault maps discovered:
D:1:      scummos_arrival_simple_crosswalls, layout_loops_corners,
          minmay_misc_feat_pillars
D:2:      layout_loops_ring, nicolae_overflow_hidden_temple
D:3:      layout_basic, first_ration, chequers_ecumenical_altar_simple,
          uniq_robin

Skill      XL: |  1  2  3 |
---------------+----------+-----
Fighting       | 1 2 |  2.2
Dodging        | 2 |  2.4
Slings         | 1 |  1.5
Stealth        | |  2.4
Spellcasting   | |  2.0
Ice Magic      | |  4.0

Action                   |  1- 3 |  4- 6 || total
-------------------------+-------+-------++-------
Melee: Unarmed           |     2 |       ||     2
 Fire: Hunting sling     |    89 |    38 ||   127
 Cast: Freeze            |    21 |     9 ||    30
  Eat: Ration            |     1 |     1 ||     2
Armor: Robe              |    10 |     1 ||    11
Dodge: Dodged            |    23 |     6 ||    29

Table legend:
 A = Non-vault XP
 B = Vault XP
 C = Vault XP percentage of total XP
 D = Non-vault monster count
 E = Vault monster count
 F = Vault count percentage of total count
                 A         B        C        D         E       F
            +---------+---------+-------+---------+---------+-------
      Total |     107 |       0 |   0.0 |      55 |       0 |   0.0
            +---------+---------+-------+---------+---------+-------
        D:1 |      38 |       0 |   0.0 |      25 |       0 |   0.0
        D:2 |      43 |       0 |   0.0 |      16 |       0 |   0.0
        D:3 |      26 |       0 |   0.0 |      14 |       0 |   0.0
            +---------+---------+-------+---------+---------+-------
